 Dungeon Crawl Stone Soup version 0.21.1-1-g345015f (webtiles) character file.

64 inc the Chiller (level 4, -13/27 HPs)
             Began as an Octopode Ice Elementalist on June 11, 2018.
             Mangled by kae's ghost (15 damage)
             ... on level 3 of the Dungeon.
             The game lasted 00:03:23 (1991 turns).

inc the Chiller (Octopode Ice Elementalist)         Turns: 1991, Time: 00:03:24

Health: -13/27     AC:  1    Str:  7    XL:     4   Next: 12%
Magic:  1/7        EV: 13    Int: 18    God:
Gold:   41         SH:  0    Dex: 12    Spells: 6/7 levels left

rFire    . . .     SeeInvis .   c - +0 whip
rCold    . . .     Gourm    .   (no shield)
rNeg     . . .     Faith    .   (helmet restricted)
rPois    .         Spirit   .   (no amulet)
rElec    .         Reflect  .   (no ring)
rCorr    .         Harm     .   (no ring)
MR       .....                  (no ring)
Stlth    +++.......             (no ring)
HPRegen  0.09/turn              (no ring)
MPRegen  0.10/turn              (no ring)
                                (no ring)
                                (no ring)

@: very slightly contaminated
A: almost no armour, stealthy swim, amphibious, 8 rings, constrict 8, camouflage
1, gelatinous body 1
a: no special abilities


You were on level 3 of the Dungeon.
You were not hungry.

You visited 1 branch of the dungeon, and saw 4 of its levels.

You collected 41 gold pieces.

Inventory:

Hand Weapons
 c - a +0 whip (weapon)
Scrolls
 d - a scroll of identify
 h - a scroll of enchant weapon
Potions
 e - a potion of heal wounds
Books
 a - a book of Frost

   Spells                             Type                      Level
   a - Freeze                         Ice                          1
   b - Throw Frost                    Conjuration/Ice              2
   c - Ozocubu's Armour               Charms/Ice                   3
   d - Throw Icicle                   Conjuration/Ice              4
   e - Summon Ice Beast               Ice/Summoning                4
Comestibles
 b - 2 rations


   Skills:
 - Level 2.0 Dodging
 - Level 2.6 Stealth
 - Level 2.0 Spellcasting
   Level 1.0 Conjurations
 + Level 4.9 Ice Magic


You had 6 spell levels left.
You knew the following spells:

 Your Spells              Type           Power        Failure   Level  Hunger
a - Freeze                Ice            ###.         2%          1    #......


Dungeon Overview and Level Annotations

Branches:
Dungeon (4/15)
 Temple: D:4-7

Altars:

Annotations:
D:2 Sigmund
D:3 kae's ghost, amateur HOFi


Innate Abilities, Weirdness & Mutations

You cannot wear most types of armour.
You are very stealthy in the water. (Stealth+)
You are amphibious.
You can wear up to eight rings at the same time.
You can use your tentacles to constrict eight enemies at once.
Your skin changes colour to match your surroundings (Stealth+).
Your rubbery body absorbs attacks. (AC +1, EV +1)


Message History

You kill the bat!
Casting: Freeze
Confirm with . or Enter, or press ? or * to list all spells.
Aiming: Freeze
Press: ? - help, Shift-Dir - straight line, f - kae's ghost
Aim: kae's ghost You freeze kae's ghost.
Kae's ghost is lightly damaged.
Kae's ghost hits you!
* * * LOW HITPOINT WARNING * * *
Casting: Freeze
Confirm with . or Enter, or press ? or * to list all spells.
Aiming: Freeze
Press: ? - help, Shift-Dir - straight line, f/p - kae's ghost
Aim: kae's ghost (lightly damaged)
You freeze kae's ghost.
Kae's ghost is moderately damaged.
Kae's ghost hits you!
Ouch! That really hurt!
You die...

#..# #..# #§§#
#§§#########
#§§§.$..[..#
#§########.# #§#
#†# #§# #W# . #W#
#@# #.####s#####
#.# #......(...#
#.# #..........#
#.#
#..........####.#
#...............#
#......>...######
#..........#
#..........#


You could see kae's ghost.

Vanquished Creatures
  A gnoll (D:1)
  An ooze (D:1)
  A worm (D:2)
  2 dart slugs (D:1)
  2 bats
  4 giant cockroaches
  6 goblins
  6 hobgoblins (D:1)
  4 jackals (D:1)
  7 kobolds
  A frilled lizard (D:1)
  4 rats
39 creatures vanquished.

Notes
Turn   | Place    | Note
-------+----------+-------------------------------------------
     0 | D:1      | inc the Octopode Ice Elementalist began the quest for the Orb.
     0 | D:1      | Reached XP level 1. HP: 11/11 MP: 3/3
   348 | D:1      | Reached XP level 2. HP: 17/17 MP: 5/5
   696 | D:1      | Reached skill level 4 in Ice Magic
   703 | D:1      | Reached XP level 3. HP: 9/21 MP: 0/6
   797 | D:2      | HP: 1/21 [hobgoblin (5)]
  1100 | D:1      | Noticed an ogre
  1100 | D:1      | Noticed an ogre
  1100 | D:1      | Noticed an ogre
  1103 | D:1      | Noticed an ogre
  1857 | D:2      | Reached XP level 4. HP: 25/27 MP: 2/7
  1947 | D:2      | Noticed Sigmund
  1958 | D:2      | You fall through a shaft for 2 floors!
  1962 | D:3      | Noticed kae's ghost (amateur HOFi)
  1990 | D:3      | HP: 1/27 [kae's ghost (10)]
  1991 | D:3      | Mangled by kae's ghost

Skill      XL: |  1  2 |
---------------+-------+-----
Ice Magic      | 4 |  4.9
Dodging        | |  2.0
Stealth        | |  2.6
Spellcasting   | |  2.0
Conjurations   | |  1.0

Action                   |  1- 3 |  4- 6 || total
-------------------------+-------+-------++-------
Melee: Unarmed           |    10 |       ||    10
       Tentacles         |     5 |     1 ||     6
       Constrict         |    11 |     1 ||    12
       Whip              |    25 |     3 ||    28
 Cast: Freeze            |    40 |    10 ||    50
  Use: Scroll            |       |     4 ||     4
       Potion            |       |     1 ||     1
 Stab: Sleeping          |     2 |       ||     2
  Eat: Chunk             |     3 |     1 ||     4
Armor: Skin              |     9 |     8 ||    17
Dodge: Dodged            |    56 |    28 ||    84
